 Dungeon Crawl Stone Soup version 0.27.1-33-g824d729ab1 (webtiles) character file.

Game seed: 17593219214568085137

517 Destapler the Magician (level 7, -1/40 HPs)
             Began as a Deep Elf Hedge Wizard on Dec 1, 2021.
             Was an Initiate of Vehumet.
             Slain by Menkaure (6 damage)
             ... on level 5 of the Dungeon.
             The game lasted 00:37:01 (6648 turns).

Destapler the Magician (Deep Elf Hedge Wizard)      Turns: 6648, Time: 00:37:01

Health: -1/40      AC:  2    Str:  9    XL:     7   Next: 0%
Magic:  12/16      EV: 13    Int: 25    God:    Vehumet [......]
Gold:   370        SH:  0    Dex: 14    Spells: 9/16 levels left

rFire    . . .     SeeInvis .   a - +5 dagger
rCold    . . .     Faith    .   (no shield)
rNeg     . . .     Spirit   .   b - +0 robe
rPois    .         Reflect  .   c - +0 hat
rElec    .         Harm     .   (no cloak)
rCorr    .         Rampage  .   (no gloves)
Will     .....                  (no boots)
Stlth    +.........             (no amulet)
HPRegen  0.13/turn              r - ring of wizardry
MPRegen  0.15/turn              o - +6 ring of intelligence

@: silenced
A: no striking features
a: Renounce Religion


You were on level 5 of the Dungeon.
You worshipped Vehumet.
Vehumet was noncommittal.
You visited 1 branch of the dungeon, and saw 5 of its levels.

You collected 370 gold pieces.

Inventory:

Hand Weapons
 a - a +5 dagger (weapon)
Missiles
 p - 28 poisoned darts
Armour
 b - a +0 robe (worn)
 c - a +0 hat (worn)
Jewellery
 h - a ring of protection from cold
 o - a +6 ring of intelligence (right hand)
 r - a ring of wizardry (left hand)
Scrolls
 g - a scroll of identify
 i - a scroll of magic mapping
Potions
 d - a potion of heal wounds {unknown}
 j - 2 potions of attraction
 k - 3 potions of haste
 l - a potion of cancellation
 m - a potion of lignification
 n - 2 potions of flight
 q - a potion of brilliance {unknown}
 s - a potion of might
 t - a potion of curing


   Skills:
 * Level 2.6 Fighting
 + Level 2.4 Short Blades
 + Level 3.7 Dodging
 + Level 3.9 Stealth
 + Level 1.8 Shields
 - Level 5.0 Spellcasting
 + Level 2.9 Conjurations
 - Level 1.1 Summonings
 + Level 2.7 Translocations


You had 9 spell levels left.
You knew the following spells:

 Your Spells              Type           Power      Damage    Failure   Level
i - Call Imp              Summ           11%        N/A       3%          2
s - Slow                  Hex            6%         N/A       4%          2
z - Magic Dart            Conj           80%        1d7       1%          1
B - Blink                 Tloc           N/A        N/A       1%          2

Your spell library contained the following spells:

 Spells                   Type           Power      Damage    Failure   Level
 Apportation              Tloc           40%        N/A       1%          1
 Summon Small Mammal      Summ           44%        N/A       2%          1
 Animate Skeleton         Necr           12%        N/A       3%          1
 Corona                   Hex            6%         N/A       3%          1
 Pain                     Necr           24%        1d5       3%          1
 Gell's Gravitas          Tloc           10%        N/A       3%          3
 Teleport Other           Tloc           20%        N/A       3%          3
 Conjure Flame            Conj/Fire      13%        6-21      6%          3
 Mephitic Cloud           Conj/Pois/Air  11%        N/A       7%          3
 Agony                    Necr           6%         N/A       63%         5
 Excruciating Wounds      Necr           3%         N/A       63%         5
 Dispersal                Tloc           10%        N/A       82%         6


Dungeon Overview and Level Annotations

Branches:
Dungeon (5/15)
 Temple: D:4-7

Altars:
Hepliaklqana
Kikubaaqudgha
Vehumet

Annotations:
D:4 exclusion: downstairs
D:5 Menkaure


Message History

You blink.
Your crimson imp barely misses the orc.
The orc throws a boomerang of dispersal.
The boomerang of dispersal hits you but does no damage.
The magic dart hits the orc.
You kill the orc!
Vehumet accepts your kill.
You swap places.
Your crimson imp disappears in a puff of smoke!
You see here 22 bolts.
Things that are here:
a +0 club; a +0 leather armour; an orc corpse You start resting.
Your crimson imp disappears in a puff of smoke!
Menkaure is nearby!
As you read the scroll labelled REKLAMP EWIOHA, it crumbles to dust.
You hear a loud clanging noise!
It was a scroll of noise.
Menkaure shouts!
Menkaure gestures wildly while chanting.
Menkaure seems to speed up.
Okay, then.
Okay, then.
As you read the scroll labelled AMYCAT CACIRE, it crumbles to dust.
It is a scroll of enchant weapon.
Your +4 dagger glows red for a moment.
Menkaure calls on the powers of darkness!
Your body is wracked with pain!
* * * LOW HITPOINT WARNING * * *
As you read the scroll labelled XEPEONN YMUS, it crumbles to dust.
A profound silence engulfs you.
It was a scroll of silence.
Menkaure calls on the powers of darkness!
Your body is wracked with pain!
* * * LOW HITPOINT WARNING * * *
Things that are here:
a +0 flail; 2 boomerangs of dispersal; a +0 ring mail Menkaure hits you.
* * * LOW HITPOINT WARNING * * *
You see here 22 bolts.
Menkaure hits you.
You die...

.....M...............###.....♣♣.
.......................5.##.....
......>..............###########
..##.....#...[.......# #
#######...........#
#...........# #...........#
#......M))..# # #.....@(.)..# #
#..########## # ##. # #. # # # #
# #


You could see Menkaure (fast).

Vanquished Creatures
  An ogre (D:5)
  A kobold brigand (D:4)
  A bullfrog skeleton (D:4)
  A hound (D:4)
  A howler monkey skeleton (D:5)
  3 adders (D:2)
  A shadow imp (D:5)
  An ufetubus (D:5)
  A worm (D:2)
  A dart slug (D:1)
  7 orcs
  5 bats
  6 endoplasms
  2 giant cockroaches
  9 goblins
  12 hobgoblins
  3 jackals (D:2)
  22 kobolds
  3 quokkas
  10 ball pythons
  5 frilled lizards
  10 rats
106 creatures vanquished.

Vanquished Creatures (collateral kills)
  Sigmund (D:2)
  A scorpion (D:4)
  An adder (D:2)
  An orc (D:5)
  An endoplasm (D:2)
  A giant cockroach (D:2)
  6 kobolds (D:4)
  A ball python (D:2)
13 creatures vanquished.

Vanquished Creatures (others)
  66 plants (D:4)
66 creatures vanquished.

Grand Total: 185 creatures vanquished

Notes
Turn   | Place    | Note
-------+----------+-------------------------------------------
     0 | D:1      | Destapler the Deep Elf Hedge Wizard began the quest for the
                  | Orb.
     0 | D:1      | Reached XP level 1. HP: 10/10 MP: 7/7
   463 | D:1      | Reached XP level 2. HP: 15/15 MP: 6/9
   741 | D:1      | Found a faded altar of an unknown god.
   758 | D:1      | Learned a level 2 spell: Blink
  1123 | D:1      | Reached XP level 3. HP: 20/20 MP: 9/11
  1634 | D:2      | Reached skill level 1 in Short Blades
  1742 | D:2      | Reached skill level 1 in Fighting
  1817 | D:2      | Learned a level 2 spell: Call Imp
  2097 | D:2      | Reached XP level 4. HP: 25/25 MP: 5/12
  2578 | D:2      | You fall into a shaft and drop 2 floors!
  2708 | D:4      | Reached skill level 1 in Shields
  2708 | D:4      | Reached skill level 5 in Spellcasting
  2863 | D:4      | Learned a level 2 spell: Slow
  3047 | D:2      | Noticed Sigmund
  3187 | D:2      | Reached XP level 5. HP: 29/29 MP: 11/14
  3880 | D:2      | Killed Sigmund
  3881 | D:2      | Reached XP level 6. HP: 20/35 MP: 9/15
  4586 | D:5      | Entered Level 5 of the Dungeon
  4595 | D:5      | Noticed Menkaure
  6173 | D:5      | Found an ancient bone altar of Kikubaaqudgha.
  6176 | D:5      | Found a hazy altar of Hepliaklqana.
  6180 | D:5      | Found a radiant altar of Vehumet.
  6184 | D:5      | Became a worshipper of Vehumet
  6561 | D:5      | Reached XP level 7. HP: 28/40 MP: 2/16
  6648 | D:5      | Slain by Menkaure

Illustrated notes

Levels and vault maps discovered:
D:1:      sevenhm_arrival_forest_fort_large_1, layout_basic,
          basic_ecumenical_altar
D:2:      layout_loops_ring, kennysheep_generic_room_4, uniq_sigmund
D:3:      layout_basic, st_stairs_11, chequers_serial_rivers_micro_e
D:4:      kennysheep_kobold_camp, layout_gridville
D:5:      layout_rooms, grunt_temple_overflow_diamond, chequers_mini_garden,
          uniq_menkaure

Skill      XL: |  1  2  3  4  5  6 |
---------------+-------------------+-----
Short Blades   | 1 2 |  2.4
Fighting       | 1 2 |  2.6
Stealth        | 3 |  3.9
Dodging        | 3 |  3.7
Shields        | 1 |  1.8
Spellcasting   | 5 |  5.0
Conjurations   | 2 |  2.9
Translocations | 2 |  2.7
Summonings     | |  1.1

Action                   |  1- 3 |  4- 6 |  7- 9 || total
-------------------------+-------+-------+-------++-------
Melee: Dagger            |     5 |   101 |     6 ||   112
 Cast: Magic Dart        |   109 |   147 |     1 ||   257
       Call Imp          |     2 |    30 |       ||    32
       Blink             |       |    10 |     1 ||    11
       Slow              |       |     7 |       ||     7
  Use: Potion            |       |     7 |       ||     7
       Scroll            |       |    10 |     3 ||    13
 Stab: Sleeping          |       |     4 |       ||     4
Armor: Robe              |     4 |     9 |     1 ||    14
       Skin              |       |    16 |       ||    16
Dodge: Dodged            |    15 |    74 |     4 ||    93
